AoeStats
← NDF

Arabia

507865510Analyzed
2v2 RM · 11d ago on Sep 20, 2026· 36m 53s· 4 players
Game mode
Random Map
Map size
Medium (4 player)
Population
200
Speed
Normal
Resources
Standard
Victory
Conquest
Starting age
Dark Age
Ending age
Imperial Age
RankedLock teamsTeams togetherTeam positionsShared explorationLock speedFull tech treeHidden civsTurbo modeCheats
Victory
Defeat
🇦🇷 Teutons · Argentina
693
+11
🇦🇷 Spanish · Argentina
692
+12
🇦🇷 Sicilians · Argentina
619
-12
🇬🇧 Magyars · United Kingdom
565
-11
fernando.pe0209
[ART] Amnesia
11:17 Feudal Age
11:00 Loom
13:24 Double-Bit Axe
14:11 Horse Collar
18:53 Man-at-Arms
24:43 Arson
27:42 Castle Age
26:19 Bloodlines
28:47 Husbandry
28:16 Crossbowman
29:02 Thumb Ring
32:37 Imperial Age
31:49 Pikeman
NDF
2:47 Loom
11:42 Feudal Age
14:49 Bloodlines
24:17 Castle Age
22:22 Gold Mining
22:16 Horse Collar
22:42 Double-Bit Axe
23:21 Stone Mining
24:21 Forging
24:36 Elite Skirmisher
26:29 Bow Saw
27:01 Stone Shaft Mining
estebanpa
2:54 Loom
9:55 Feudal Age
14:24 Horse Collar
21:46 Castle Age
20:23 Stone Mining
20:42 Gold Mining
21:58 Bloodlines
22:22 Scale Mail Armor
22:33 Forging
22:29 Scale Barding Armor
23:55 Stone Shaft Mining
23:21 Gambesons
22:56 Man-at-Arms
24:23 Heavy Plow
27:05 Double-Bit Axe
31:38 Imperial Age
29:27 Murder Holes
31:44 Bow Saw
32:16 Redemption
32:57 Illumination
35:44 Cavalier
36:44 Elite Conquistador
Connection lost

Rejoining the realm…

Still unreachable

The connection could not be restored.

Session expired

The server has moved on; the page needs a fresh start.